BSA
MADISON BOMBERS @ CHICAGO MACHINE
06/20/2024
 
TOP OF THE 1ST
Madison Bombers batting - Pitching for Chicago Machine : RHP Teruo Sato
Pitching: RHP Teruo Sato
Batting: LHB Keith Tillman 0-0: Foul Ball, location: 2F
0-1: Ball
1-1: Ground out U3 (Groundball, 3)
Batting: RHB Sergio Márquez 0-0: Ball
1-0: Ball
2-0: Ground out 6-3 (Groundball, 56)
Batting: LHB Dave Williams 0-0: Called Strike
0-1: Ball
1-1: Called Strike
1-2: SINGLE (Groundball, 23) (infield hit)
Batting: SHB Michael McDonald 0-0: Ball
1-0: Ball
2-0: Swinging Strike
2-1: Swinging Strike
2-2: Ball
3-2: Strikes out swinging
Top of the 1st over - 0 run(s), 1 hit(s), 0 error(s), 1 left on base; Madison 0 - Chicago 0
BOTTOM OF THE 1ST
Chicago Machine batting - Pitching for Madison Bombers : RHP Roberto Reyes
Pitching: RHP Roberto Reyes
Batting: LHB Francisco Vega 0-0: Ball
1-0: DOUBLE (Flyball, 89XD)
Batting: SHB Joaquín López 0-0: Ball
1-0: Ball
2-0: Ball
3-0: Called Strike
3-1: DOUBLE (Groundball, 3L)
Francisco Vega scores
Batting: LHB Bob Smith 0-0: Ball
1-0: Foul Ball, location: 2F
1-1: Foul Ball, location: 2F
1-2: Ball
2-2: Strikes out looking
Batting: LHB Eric Wheeler 0-0: Ball
1-0: Called Strike
1-1: Foul Ball, location: 2F
1-2: Foul Ball, location: 2F
1-2: Strikes out swinging passed ball, reaches first!
Joaquín López to third
Batting: RHB Roberto Cardona 0-0: Called Strike
0-1: Foul Ball, location: 2F
0-2: Ball
1-2: Foul Ball, location: 2F
1-2: Strikes out looking
Batting: LHB Marcos Vargas 0-0: Ball
1-0: Ball
2-0: Ball
3-0: Base on Balls
Eric Wheeler to second
Batting: LHB Domingo Flores 0-0: Ball
1-0: Called Strike
1-1: Ball
2-1: Fly out, F3 (Popup, 3F)
Bottom of the 1st over - 1 run(s), 2 hit(s), 0 error(s), 3 left on base; Madison 0 - Chicago 1
TOP OF THE 2ND
Madison Bombers batting - Pitching for Chicago Machine : RHP Teruo Sato
Batting: LHB José Santos 0-0: Ball
1-0: Ball
2-0: Ball
3-0: Base on Balls
Batting: SHB Derek Roach 0-0: Called Strike
0-1: Foul Ball, location: 2F
0-2: Ball
1-2: Grounds into double play, 3-6-4 (Groundball, 34)
Batting: LHB Robin Hill 0-0: Ball
1-0: SINGLE (Flyball, 7S)
Batting: RHB Bailey Ramsey 0-0: Called Strike
0-1: Ground out 2-3 (Groundball, 2L)
Top of the 2nd over - 0 run(s), 1 hit(s), 0 error(s), 1 left on base; Madison 0 - Chicago 1
BOTTOM OF THE 2ND
Chicago Machine batting - Pitching for Madison Bombers : RHP Roberto Reyes
Batting: RHB Fabrice Brodeur 0-0: Ball
1-0: SINGLE (Groundball, 23) (infield hit)
Batting: RHB José Bautista 0-0: Ball
1-0: Called Strike
1-1: Foul Ball, location: 2F
1-2: Ground out 3-1 (Groundball, 34)
Fabrice Brodeur to second
Batting: LHB Francisco Vega 0-0: Foul Ball, location: 2F
0-1: Called Strike
0-2: Foul Ball, location: 2F
0-2: Ground out 4-3 (Groundball, 4)
Fabrice Brodeur to third
Batting: SHB Joaquín López 0-0: Foul Ball, location: 2F
0-1: Ball
1-1: Foul Ball, location: 2F
1-2: Fly out, F8 (Flyball, 8LM)
Bottom of the 2nd over - 0 run(s), 1 hit(s), 0 error(s), 1 left on base; Madison 0 - Chicago 1
TOP OF THE 3RD
Madison Bombers batting - Pitching for Chicago Machine : RHP Teruo Sato
Batting: RHB Quinton Martínez 0-0: Called Strike
0-1: Ball
1-1: Ball
2-1: Ground out 5-3 (Groundball, 56S)
Batting: LHB Keith Tillman 0-0: Ground out 2-3 (Groundball, 2L)
Batting: RHB Sergio Márquez 0-0: Swinging Strike
0-1: Ball
1-1: Ball
2-1: Ball
3-1: Called Strike
3-2: SOLO HOME RUN (Flyball, 7D), Distance : 383 ft
Batting: LHB Dave Williams 0-0: SOLO HOME RUN (Flyball, 9LD), Distance : 377 ft
Batting: SHB Michael McDonald 0-0: Ball
1-0: Ball
2-0: Ball
3-0: Called Strike
3-1: Foul Ball, location: 2F
3-2: Base on Balls
Batting: LHB José Santos 0-0: Ball
1-0: Foul Ball, location: 2F
1-1: Called Strike
1-2: Ball
2-2: SINGLE (Line Drive, 34D)
Michael McDonald to second
Batting: SHB Derek Roach 0-0: Fielders Choice at 2nd, 6-4 (Groundball, 6)
Top of the 3rd over - 2 run(s), 3 hit(s), 0 error(s), 1 left on base; Madison 2 - Chicago 1
BOTTOM OF THE 3RD
Chicago Machine batting - Pitching for Madison Bombers : RHP Roberto Reyes
Batting: LHB Bob Smith 0-0: Foul Ball, location: 2F
0-1: Ball
1-1: Called Strike
1-2: Foul Ball, location: 2F
1-2: Foul Ball, location: 2F
1-2: Strikes out swinging
Batting: LHB Eric Wheeler 0-0: Ball
1-0: Ground out 6-3 (Groundball, 6M)
Batting: RHB Roberto Cardona 0-0: Foul Ball, location: 2F
0-1: SINGLE (Groundball, 6MD)
Batting: LHB Marcos Vargas 0-0: Called Strike
0-1: SINGLE (Groundball, 56D)
Roberto Cardona to second
Batting: LHB Domingo Flores 0-0: Foul Ball, location: 2F
0-1: Swinging Strike
0-2: Ball
Wild Pitch!
Roberto Cardona to third
Marcos Vargas to second
1-2: Foul Ball, location: 2F
1-2: Ball
2-2: Ground out 4-3 (Groundball, 4)
Bottom of the 3rd over - 0 run(s), 2 hit(s), 0 error(s), 2 left on base; Madison 2 - Chicago 1
TOP OF THE 4TH
Madison Bombers batting - Pitching for Chicago Machine : RHP Teruo Sato
Batting: LHB Robin Hill 0-0: Called Strike
0-1: Ball
1-1: Ground out U3 (Groundball, 3)
Batting: RHB Bailey Ramsey 0-0: Ball
1-0: Ball
2-0: SINGLE (Line Drive, 56)
Batting: RHB Quinton Martínez 0-0: Ball
1-0: SINGLE (Line Drive, 6D)
Bailey Ramsey to second
Batting: LHB Keith Tillman 0-0: Called Strike
0-1: Swinging Strike
0-2: Ball
1-2: Fielders Choice at 2nd, 2-6 (Groundball, 2R)
Bailey Ramsey to third
Batting: RHB Sergio Márquez 0-0: Ball
1-0: Called Strike
1-1: Swinging Strike
1-2: Ball
2-2: Ball
3-2: Foul Ball, location: 2F
3-2: TRIPLE (Line Drive, 9LS)
Bailey Ramsey scores
Keith Tillman scores
Batting: LHB Dave Williams 0-0: Foul Ball, location: 2F
0-1: Ball
1-1: Ground out 4-3 (Groundball, 4)
Top of the 4th over - 2 run(s), 3 hit(s), 0 error(s), 1 left on base; Madison 4 - Chicago 1
BOTTOM OF THE 4TH
Chicago Machine batting - Pitching for Madison Bombers : RHP Roberto Reyes
Batting: RHB Fabrice Brodeur 0-0: Foul Ball, location: 2F
0-1: Ball
1-1: Swinging Strike
1-2: Strikes out swinging
Batting: RHB José Bautista 0-0: Called Strike
0-1: Ball
1-1: SINGLE (Groundball, 56D)
Batting: LHB Francisco Vega 0-0: Fly out, F5 (Line Drive, 56)
Batting: SHB Joaquín López 0-0: Called Strike
0-1: Foul Ball, location: 2F
0-2: Ball
1-2: Ball
2-2: Fly out, F7 (Flyball, 7LD)
Bottom of the 4th over - 0 run(s), 1 hit(s), 0 error(s), 1 left on base; Madison 4 - Chicago 1
TOP OF THE 5TH
Madison Bombers batting - Pitching for Chicago Machine : RHP Teruo Sato
Batting: SHB Michael McDonald 0-0: SINGLE (Line Drive, 89M)
Batting: LHB José Santos 0-0: Called Strike
0-1: Called Strike
0-2: Ball
1-2: SINGLE (Groundball, 34D)
Michael McDonald to second
Runner from 2nd tries for 3rd, SAFE, throw made to third
Batting: SHB Derek Roach 0-0: Ball
1-0: Ball
José Santos steals 2nd base
2-0: Called Strike
2-1: Fly out, F9 (Flyball, 89D)
Runner from 3rd tags up, SCORES, no throw
Batting: LHB Robin Hill 0-0: Foul Ball, location: 2F
0-1: Called Strike
0-2: Ball
1-2: Ground out 5-3 (Groundball, 5S)
José Santos to third
Batting: RHB Bailey Ramsey 0-0: Ground out 2-3 (Groundball, 25)
Top of the 5th over - 1 run(s), 2 hit(s), 0 error(s), 1 left on base; Madison 5 - Chicago 1
BOTTOM OF THE 5TH
Chicago Machine batting - Pitching for Madison Bombers : RHP Roberto Reyes
Batting: LHB Bob Smith 0-0: Ball
1-0: Called Strike
1-1: Fly out, F9 (Flyball, 89D)
Batting: LHB Eric Wheeler 0-0: Ball
1-0: Called Strike
1-1: Ball
2-1: SOLO HOME RUN (Flyball, 8LD), Distance : 426 ft
Batting: RHB Roberto Cardona 0-0: Ball
1-0: Ball
2-0: Ball
3-0: DOUBLE (Line Drive, 78XD)
Batting: LHB Marcos Vargas 0-0: Called Strike
0-1: Called Strike
0-2: Ball
1-2: Ground out 1-3 (Groundball, 15)
Batting: LHB Domingo Flores 0-0: Ball
1-0: Fly out, F8 (Line Drive, 8RM)
Bottom of the 5th over - 1 run(s), 2 hit(s), 0 error(s), 1 left on base; Madison 5 - Chicago 2
TOP OF THE 6TH
Madison Bombers batting - Pitching for Chicago Machine : RHP Teruo Sato
Batting: RHB Quinton Martínez 0-0: Ball
1-0: Ball
2-0: Ball
3-0: Base on Balls
Batting: LHB Keith Tillman 0-0: Swinging Strike
0-1: Grounds into double play, U6-3 (Groundball, 6M)
Batting: RHB Sergio Márquez 0-0: Ball
1-0: Foul Ball, location: 2F
1-1: SINGLE (Line Drive, 9S)
Batting: LHB Dave Williams 0-0: Ball
1-0: Ball
2-0: Called Strike
2-1: SINGLE (Groundball, 34)
Sergio Márquez to second
Runner from 2nd tries for 3rd, SAFE, throw made to third
Batting: SHB Michael McDonald 0-0: Called Strike
0-1: SINGLE (Line Drive, 6D)
Sergio Márquez scores
Dave Williams to second
Batting: LHB José Santos 0-0: Ball
1-0: Foul Ball, location: 2F
1-1: Ground out 4-3 (Groundball, 4)
Top of the 6th over - 1 run(s), 3 hit(s), 0 error(s), 2 left on base; Madison 6 - Chicago 2
BOTTOM OF THE 6TH
Chicago Machine batting - Pitching for Madison Bombers : RHP Roberto Reyes
Pitching: RHP Ramón Rodríguez
Batting: RHB Fabrice Brodeur 0-0: Ball
1-0: Ground out 2-3 (Groundball, 23)
Batting: RHB José Bautista 0-0: Called Strike
0-1: Ball
1-1: Ground out 6-3 (Groundball, 6)
Batting: LHB Francisco Vega 0-0: Called Strike
0-1: Called Strike
0-2: Foul Ball, location: 2F
0-2: Strikes out swinging
Bottom of the 6th over - 0 run(s), 0 hit(s), 0 error(s), 0 left on base; Madison 6 - Chicago 2
TOP OF THE 7TH
Madison Bombers batting - Pitching for Chicago Machine : RHP Teruo Sato
Pitching: RHP Alberto Vásquez
Batting: SHB Derek Roach 0-0: Called Strike
0-1: Ball
1-1: Swinging Strike
1-2: Ground out U3 (Groundball, 3S)
Batting: LHB Robin Hill 0-0: Called Strike
0-1: Ball
1-1: Ball
2-1: Called Strike
2-2: Foul Ball, location: 2F
2-2: Ground out 3-1 (Groundball, 34S)
Batting: RHB Bailey Ramsey 0-0: Swinging Strike
0-1: Ball
1-1: Swinging Strike
1-2: Ball
2-2: Ball
3-2: Base on Balls
Batting: RHB Quinton Martínez 0-0: Fly out, F8 (Flyball, 8LD)
Top of the 7th over - 0 run(s), 0 hit(s), 0 error(s), 1 left on base; Madison 6 - Chicago 2
BOTTOM OF THE 7TH
Chicago Machine batting - Pitching for Madison Bombers : RHP Ramón Rodríguez
Batting: SHB Joaquín López 0-0: Ball
1-0: Ball
2-0: SINGLE (Line Drive, 4D)
Batting: LHB Bob Smith 0-0: Foul Ball, location: 2F
0-1: Ball
1-1: Ball
2-1: Grounds into double play, 4-6-3 (Groundball, 4)
Batting: LHB Eric Wheeler 0-0: Ground out 4-3 (Groundball, 4)
Bottom of the 7th over - 0 run(s), 1 hit(s), 0 error(s), 0 left on base; Madison 6 - Chicago 2
TOP OF THE 8TH
Madison Bombers batting - Pitching for Chicago Machine : RHP Alberto Vásquez
Batting: LHB Keith Tillman 0-0: Ground out 4-3 (Groundball, 34)
Batting: RHB Sergio Márquez 0-0: Ball
1-0: Swinging Strike
1-1: Ground out 6-3 (Groundball, 6)
Batting: LHB Dave Williams 0-0: Ground out 1-3 (Groundball, 15)
Top of the 8th over - 0 run(s), 0 hit(s), 0 error(s), 0 left on base; Madison 6 - Chicago 2
BOTTOM OF THE 8TH
Chicago Machine batting - Pitching for Madison Bombers : RHP Ramón Rodríguez
Pitching: RHP Alonso Gallardo
Batting: RHB Roberto Cardona 0-0: Swinging Strike
0-1: Ball
1-1: Ball
2-1: Ball
3-1: Ground out 6-3 (Groundball, 6)
Batting: LHB Marcos Vargas 0-0: Called Strike
0-1: Ball
1-1: Ball
2-1: Foul Ball, location: 2F
2-2: Ball
3-2: Fly out, F9 (Flyball, 9D)
Batting: LHB Domingo Flores 0-0: Swinging Strike
0-1: Called Strike
0-2: Ball
1-2: Foul Ball, location: 2F
1-2: Fly out, F7 (Flyball, 78M)
Bottom of the 8th over - 0 run(s), 0 hit(s), 0 error(s), 0 left on base; Madison 6 - Chicago 2
TOP OF THE 9TH
Madison Bombers batting - Pitching for Chicago Machine : RHP Alberto Vásquez
Batting: SHB Michael McDonald 0-0: Swinging Strike
0-1: Ball
1-1: Ball
2-1: Ball
3-1: Ground out 6-3 (Groundball, 6M)
Batting: LHB José Santos 0-0: Foul Ball, location: 2F
0-1: Swinging Strike
0-2: Foul Ball, location: 2F
0-2: Strikes out looking
Batting: SHB Derek Roach 0-0: Ball
1-0: Called Strike
1-1: Called Strike
1-2: SOLO HOME RUN (Flyball, 9D), Distance : 384 ft
Pitching: RHP Clint Tancock
Batting: LHB Robin Hill 0-0: Called Strike
0-1: Ball
1-1: Fly out, F8 (Flyball, 8LM)
Top of the 9th over - 1 run(s), 1 hit(s), 0 error(s), 0 left on base; Madison 7 - Chicago 2
BOTTOM OF THE 9TH
Chicago Machine batting - Pitching for Madison Bombers : RHP Alonso Gallardo
Pitching: RHP Luis Cortéz
Batting: RHB Fabrice Brodeur 0-0: Ball
1-0: Ball
2-0: Ball
3-0: Base on Balls
Batting: RHB José Bautista 0-0: Swinging Strike
0-1: Called Strike
0-2: Strikes out swinging
Batting: LHB Francisco Vega 0-0: Ball
1-0: Called Strike
1-1: Fielders Choice at 2nd, 3-6 (Groundball, 3)
Batting: SHB Joaquín López 0-0: Ball
1-0: Foul Ball, location: 2F
1-1: Foul Ball, location: 2F
1-2: Foul Ball, location: 2F
1-2: Ground out 3-1 (Groundball, 23)
Bottom of the 9th over - 0 run(s), 0 hit(s), 0 error(s), 1 left on base; Madison 7 - Chicago 2
This league is powered by Out of the Park Baseball, the baseball management simulation game for PC, Mac and Linux
Saturday, April 9th, 2016 - OOTP Baseball 16.8 Build 38